 Dungeon Crawl Stone Soup version 0.31-a0-4-gefa6de2278 (webtiles) character file.

Game seed: 16431050059216835915

4 mandoloar the Insei (level 1, -2/13 HPs)
             Began as an Octopode Transmuter on May 3, 2023.
             Slain by a hobgoblin (3 damage)
             ... on level 1 of the Dungeon.
             The game lasted 00:01:05 (299 turns).

mandoloar the Insei (Octopode Transmuter)            Turns: 299, Time: 00:01:06

Health: -2/13      AC:  1    Str:  9    XL:     1   Next: 70%
Magic:  2/3        EV: 10    Int: 15    God:
Gold:   28         SH:  0    Dex: 12    Spells: 3/4 levels left

rFire   . . .        a - +0 whip
rCold   . . .        (no shield)
rNeg    . . .        (helmet currently unavailable)
rPois   .            (no amulet)
rElec   .            (no ring)
rCorr   .            (no ring)
SInv    .            (no ring)
Will    .....        (no ring)
Stlth   ++           (no ring)
HPRegen 0.22/turn    (no ring)
MPRegen 0.08/turn    (no ring)
                     (no ring)

%: no passive effects
@: appendages (expiring), constricted
A: tentacle spike 3, almost no armour, amphibious, 8 rings, camouflage 1,
gelatinous body 1, (nimble swimmer 1), tentacles
a: End Transformation


You were on level 1 of the Dungeon.
One of your tentacles had grown a beastly spike.
You visited 1 branch of the dungeon, and saw 1 of its levels.

You collected 28 gold pieces.

Inventory:

Hand Weapons
 a - a +0 whip (weapon)
Missiles
 l - 8 stones
Potions
 b - a potion of curing {unknown}
 g - a potion of lignification


   Skills:
 + Level 1.3 Fighting
 - Level 2.0 Dodging
 - Level 3.0 Unarmed Combat
 - Level 2.0 Spellcasting
 + Level 2.2 Transmutations


You had 3 spell levels left.
You knew the following spells:

 Your Spells              Type           Power      Damage    Failure   Level
a - Beastly Appendage     Tmut           16%        N/A       9%          1

Your spell library contained the following spells:

 Spells                   Type           Power      Damage    Failure   Level
 Wereblood                Tmut           8%         N/A       14%         2
 Spider Form              Tmut/Pois      4%         N/A       38%         3
 Ice Form                 Ice/Tmut       4%         N/A       80%         4


Dungeon Overview and Level Annotations

Branches:
Dungeon (1/15)

Altars:


Innate Abilities, Weirdness & Mutations

One of your tentacles has grown a beastly spike.
You cannot wear most types of armour.
You are amphibious.
You can wear up to eight rings at the same time.
Your skin changes colour to match your surroundings (Stealth+).
Your rubbery body absorbs attacks. (AC +1, EV +1)
((You are camouflaged when in or above water. (Stealth+)))
You have tentacles for arms and can constrict up to eight enemies at once.


Message History

You hit the bat.
You kill the bat!
You see here a bat corpse.
You start resting.
HP restored.
Magic restored.
A hobgoblin comes into view.
The hobgoblin shouts!
You see here 13 gold pieces.
A ball python comes into view.
The hobgoblin barely misses you.
You closely miss the hobgoblin.
The ball python hisses angrily.
Your grab misses the hobgoblin. The hobgoblin closely misses you.
You hit the hobgoblin but do no damage. Your grab misses the hobgoblin.
You squeeze the hobgoblin.
The hobgoblin is heavily wounded.
The hobgoblin hits you.
One of your tentacles grows a vicious spike.
The hobgoblin misses you. The ball python misses you.
The ball python grabs you. The ball python constricts you.
You closely miss the ball python. Your grab misses the ball python.
Your tentacle spike misses the ball python.
The ball python barely misses you. The ball python constricts you.
The hobgoblin hits you.
You are too injured to fight recklessly!
You hit the hobgoblin. Your grab misses the hobgoblin.
The hobgoblin is almost dead.
Your transformation is almost over.
The ball python completely misses you. The ball python constricts you.
* * * LOW HITPOINT WARNING * * *
The hobgoblin closely misses you. The ball python bites you.
* * * LOW HITPOINT WARNING * * *
The ball python constricts you.
* * * LOW HITPOINT WARNING * * *
You closely miss the hobgoblin. You grab the hobgoblin.
The hobgoblin is almost dead.
You constrict the hobgoblin, but do no damage.
The hobgoblin hits you.
You die...

#......##.............
#..................... #
#..............###....
..#..............# #....
..................##....
.........$###.....####..
..........###.... ...
................. ...
.......@.........
......Sg........ .
................ .
................ .
......######.... .
#..... .... . #..... ..
# #..... #


You could see a hobgoblin and a ball python.

Vanquished Creatures
  A giant cockroach (D:1)
  A ball python (D:1)
  A bat (D:1)
  A kobold (D:1)
  2 rats (D:1)
6 creatures vanquished.

Notes
Turn   | Place    | Note
-------+----------+-------------------------------------------
     0 | D:1      | mandoloar the Octopode Transmuter began the quest for the
                  | Orb.
     0 | D:1      | Reached XP level 1. HP: 13/13 MP: 3/3
   299 | D:1      | Slain by a hobgoblin

Illustrated notes

Levels and vault maps discovered:
D:1:      sevenhm_arrival_forest_fort_small_3, layout_basic,
          nrook_mini_backslash

Action                     || total
---------------------------++-------
  Melee: Unarmed           ||    10
         Whip              ||     9
         Constrict         ||     4
         Tentacles         ||     2
         Kick              ||     1
   Cast: Beastly Appendage ||     5
   Stab: Sleeping          ||     2
  Dodge: Dodged            ||    15

Table legend: (Time is in decaauts)
 A = Elapsed time spent in this place.
 B = Non-inter-level travel time spent in this place.
 C = Inter-level travel time spent in this place.
 D = Time resting spent in this place.
 E = Time spent auto-exploring this place.
 F = Levels seen in this place.
 G = Mean time per level.
                   A        B        C        D        E       F      G
               +--------+--------+--------+--------+--------+-----+--------+
         Total |    298 |    298 |      0 |     41 |    193 |   1 |  298.0 |
       Dungeon |    298 |    298 |      0 |     41 |    193 |   1 |  298.0 |
               +--------+--------+--------+--------+--------+-----+--------+

Top non-repeatable levels by time:
     D:1: 298 daAuts
